[ AOE2 MATCH · #495868269 ]
UnrankedBengalis vs Tatars
Player's team · LOSS
Rival team · WIN
[ REPLAY ANALYSIS · EXTRACTED FROM THE RECORDED GAME ]
Feudal
10:16
Castle
14:49
Imperial
29:44
| APM avg | 46.4 |
| APM peak | 85 |
| eAPM avg | 27.2 |
| Villagers / military | 181 / 211 |
Focus
⚔️ 37.9% · 🌾 62.1%
Spearman ×85 · Ratha (Ranged) ×59 · Elephant Archer ×40 · Monk ×21 · Armored Elephant ×3 · Trebuchet (Packed) ×3
Feudal
9:58
Castle
14:04
Imperial
32:02
| APM avg | 59.0 |
| APM peak | 149 |
| eAPM avg | 40.1 |
| Villagers / military | 186 / 226 |
Focus
⚔️ 49.8% · 🌾 50.2%
Keshik ×74 · Scout Cavalry ×63 · Cavalry Archer ×63 · Trebuchet (Packed) ×12 · Mangonel ×11 · Battering Ram ×3
Match map
Initial resources + every placement click. Lines = walls · curves = elevation contours. ◆ gold · ⬟ stone · ● berries · ✦ relic · ◌ wall gap
Your base· ✓ Closed at 14:49 · 14t walls · 2 gate(s)
Lespaul's base· ✓ Closed at 14:04 · 12t walls · 4 gate(s)
Smoothed initial terrain · ◌ = detected wall gap · hover for details
Inputs per minute
— AE | TurRomanticoH - - Lespaul
Build order — AE | TurRomanticoH
First 150 of 663 actions detected
| 0:01 | Queue | Villager (Male) |
| 0:01 | Queue | Villager (Male) |
| 0:01 | Queue | Villager (Male) |
| 0:02 | Build | House |
| 0:03 | Build | House |
| 0:07 | Queue | Villager (Male) |
| 0:08 | Queue | Villager (Male) |
| 0:08 | Queue | Villager (Male) |
| 1:25 | Queue | Villager (Male) |
| 1:25 | Queue | Villager (Male) |
| 1:53 | Build | Lumber Camp |
| 2:01 | Queue | Villager (Male) |
| 2:01 | Queue | Villager (Male) |
| 2:02 | Queue | Villager (Male) |
| 2:16 | Queue | Villager (Male) |
| 2:16 | Queue | Villager (Male) |
| 2:48 | Queue | Villager (Male) |
| 2:49 | Queue | Villager (Male) |
| 3:03 | Queue | Villager (Male) |
| 3:03 | Queue | Villager (Male) |
| 3:03 | Queue | Villager (Male) |
| 3:03 | Queue | Villager (Male) |
| 3:44 | Queue | Villager (Male) |
| 3:44 | Queue | Villager (Male) |
| 3:45 | Queue | Villager (Male) |
| 4:02 | Build | House |
| 4:12 | Queue | Villager (Male) |
| 4:12 | Queue | Villager (Male) |
| 4:12 | Queue | Villager (Male) |
| 4:13 | Queue | Villager (Male) |
| 4:24 | Build | Palisade Wall |
| 4:29 | Build | Palisade Wall |
| 4:39 | Build | Palisade Wall |
| 4:43 | Build | Palisade Wall |
| 4:45 | Build | Palisade Wall |
| 4:49 | Build | Palisade Wall |
| 4:51 | Build | Palisade Wall |
| 5:02 | Build | Mill |
| 5:07 | Queue | Villager (Male) |
| 5:08 | Queue | Villager (Male) |
| 5:08 | Queue | Villager (Male) |
| 5:12 | Build | Palisade Wall |
| 5:14 | Build | Palisade Wall |
| 5:18 | Build | Palisade Wall |
| 5:21 | Build | Palisade Wall |
| 5:23 | Build | Palisade Wall |
| 5:31 | Queue | Villager (Male) |
| 5:33 | Build | House |
| 6:08 | Build | Palisade Wall |
| 6:11 | Build | Palisade Wall |
| 6:24 | Queue | Villager (Male) |
| 6:25 | Queue | Villager (Male) |
| 6:25 | Queue | Villager (Male) |
| 7:16 | Queue | Villager (Male) |
| 7:20 | Queue | Villager (Male) |
| 8:04 | Research | Feudal Age |
| 8:04 | Research | Feudal Age |
| 9:05 | Build | Mining Camp |
| 9:50 | Build | Farm |
| 9:52 | Build | Farm |
| 9:58 | Queue | Villager (Male) |
| 9:58 | Queue | Villager (Male) |
| 10:16 | Age | Feudal Age |
| 10:19 | Build | Market |
| 10:24 | Research | Wheelbarrow |
| 10:39 | Build | Blacksmith |
| 11:48 | Queue | Villager (Male) |
| 12:09 | Research | Castle Age |
| 12:09 | Research | Castle Age |
| 12:09 | Research | Castle Age |
| 12:09 | Research | Castle Age |
| 12:43 | Build | House |
| 12:55 | Research | Double-Bit Axe |
| 12:55 | Research | Double-Bit Axe |
| 12:55 | Research | Double-Bit Axe |
| 12:56 | Research | Double-Bit Axe |
| 13:10 | Build | House |
| 13:21 | Research | Horse Collar |
| 13:21 | Research | Horse Collar |
| 13:21 | Research | Horse Collar |
| 13:37 | Build | Farm |
| 13:41 | Build | Farm |
| 13:42 | Build | Farm |
| 13:45 | Build | Farm |
| 13:53 | Build | Farm |
| 13:58 | Build | House |
| 13:59 | Build | House |
| 14:08 | Queue | Villager (Male) |
| 14:11 | Build | Farm |
| 14:34 | Build | House |
| 14:49 | Age | Castle Age |
| 14:51 | Build | Monastery |
| 14:53 | Queue | Villager (Male) |
| 15:21 | Queue | Villager (Male) |
| 15:28 | Queue | Monk |
| 15:29 | Queue | Monk |
| 15:37 | Build | House |
| 15:38 | Build | House |
| 15:53 | Queue | Villager (Male) |
| 16:21 | Queue | Villager (Male) |
| 16:32 | Build | Farm |
| 16:42 | Queue | Monk |
| 16:46 | Build | House |
| 16:48 | Build | House |
| 16:49 | Build | House |
| 16:54 | Queue | Villager (Male) |
| 16:56 | Queue | Villager (Male) |
| 16:58 | Build | Farm |
| 17:02 | Queue | Villager (Male) |
| 17:14 | Research | Hand Cart |
| 17:26 | Build | Farm |
| 17:39 | Queue | Villager (Male) |
| 18:09 | Queue | Villager (Male) |
| 18:12 | Build | House |
| 18:13 | Build | House |
| 18:37 | Build | Town Center |
| 18:42 | Queue | Villager (Male) |
| 19:10 | Queue | Villager (Male) |
| 19:12 | Build | House |
| 19:13 | Build | House |
| 19:29 | Queue | Villager (Male) |
| 19:31 | Build | Farm |
| 19:35 | Queue | Villager (Male) |
| 19:43 | Build | House |
| 19:44 | Build | House |
| 19:46 | Queue | Villager (Male) |
| 19:59 | Queue | Villager (Male) |
| 20:05 | Build | Lumber Camp |
| 20:13 | Queue | Villager (Male) |
| 20:31 | Queue | Villager (Male) |
| 20:36 | Build | Siege Workshop |
| 20:41 | Queue | Villager (Male) |
| 20:42 | Queue | Villager (Male) |
| 20:44 | Research | Redemption |
| 20:45 | Research | Redemption |
| 20:45 | Research | Redemption |
| 20:54 | Build | House |
| 20:55 | Build | House |
| 20:57 | Queue | Villager (Male) |
| 21:05 | Queue | Villager (Male) |
| 21:15 | Queue | Villager (Male) |
| 21:20 | Build | Barracks |
| 21:26 | Queue | Villager (Male) |
| 21:30 | Research | Sanctity |
| 21:30 | Research | Sanctity |
| 21:37 | Queue | Villager (Male) |
| 21:41 | Build | Farm |
| 21:43 | Queue | Villager (Male) |
| 21:47 | Research | Bow Saw |
| 21:47 | Research | Bow Saw |
Build order — Lespaul
First 150 of 637 actions detected
| 0:00 | Queue | Villager (Male) |
| 0:02 | Build | House |
| 0:03 | Build | House |
| 0:14 | Queue | Villager (Male) |
| 0:14 | Queue | Villager (Male) |
| 0:14 | Queue | Villager (Male) |
| 0:14 | Queue | Villager (Male) |
| 0:41 | Build | Palisade Gate |
| 0:48 | Build | Palisade Gate |
| 0:53 | Build | Palisade Wall |
| 1:10 | Build | Palisade Wall |
| 1:33 | Queue | Villager (Male) |
| 1:34 | Queue | Villager (Male) |
| 1:34 | Queue | Villager (Male) |
| 1:58 | Build | Lumber Camp |
| 2:06 | Build | Palisade Wall |
| 2:08 | Build | Palisade Wall |
| 2:17 | Queue | Villager (Male) |
| 2:19 | Queue | Villager (Male) |
| 2:19 | Queue | Villager (Male) |
| 2:20 | Queue | Villager (Male) |
| 2:41 | Build | Palisade Wall |
| 2:47 | Build | Palisade Wall |
| 3:00 | Queue | Villager (Male) |
| 3:00 | Queue | Villager (Male) |
| 3:00 | Queue | Villager (Male) |
| 3:26 | Queue | Villager (Male) |
| 3:26 | Queue | Villager (Male) |
| 3:26 | Queue | Villager (Male) |
| 3:27 | Queue | Villager (Male) |
| 4:03 | Build | House |
| 4:07 | Build | House |
| 4:11 | Queue | Villager (Male) |
| 4:17 | Queue | Villager (Male) |
| 4:17 | Queue | Villager (Male) |
| 4:17 | Queue | Villager (Male) |
| 4:34 | Build | House |
| 5:02 | Queue | Villager (Male) |
| 5:02 | Queue | Villager (Male) |
| 5:03 | Queue | Villager (Male) |
| 5:04 | Queue | Villager (Male) |
| 5:04 | Queue | Villager (Male) |
| 5:25 | Build | Mill |
| 5:58 | Queue | Villager (Male) |
| 6:13 | Queue | Villager (Male) |
| 6:32 | Queue | Villager (Male) |
| 6:32 | Queue | Villager (Male) |
| 7:28 | Build | Mining Camp |
| 7:46 | Research | Feudal Age |
| 9:01 | Queue | Villager (Male) |
| 9:02 | Queue | Villager (Male) |
| 9:02 | Queue | Villager (Male) |
| 9:51 | Queue | Villager (Male) |
| 9:58 | Age | Feudal Age |
| 10:01 | Build | Market |
| 10:06 | Build | Blacksmith |
| 10:20 | Build | Blacksmith |
| 10:23 | Build | Blacksmith |
| 11:24 | Research | Castle Age |
| 11:24 | Research | Castle Age |
| 11:24 | Research | Castle Age |
| 11:53 | Research | Double-Bit Axe |
| 12:20 | Research | Horse Collar |
| 12:21 | Research | Horse Collar |
| 13:06 | Build | House |
| 14:04 | Age | Castle Age |
| 14:05 | Build | Town Center |
| 14:09 | Build | Town Center |
| 14:13 | Queue | Villager (Male) |
| 14:17 | Research | Bow Saw |
| 14:22 | Queue | Villager (Male) |
| 14:23 | Build | Farm |
| 14:25 | Build | Farm |
| 14:27 | Queue | Villager (Male) |
| 14:27 | Queue | Villager (Male) |
| 14:39 | Queue | Villager (Male) |
| 14:47 | Build | Farm |
| 14:49 | Queue | Villager (Male) |
| 15:10 | Build | Farm |
| 15:22 | Build | Farm |
| 15:34 | Queue | Villager (Male) |
| 15:37 | Queue | Villager (Male) |
| 15:37 | Queue | Villager (Male) |
| 15:39 | Build | Farm |
| 15:41 | Build | Farm |
| 15:47 | Build | Farm |
| 15:54 | Queue | Villager (Male) |
| 15:54 | Queue | Villager (Male) |
| 15:55 | Queue | Villager (Male) |
| 15:55 | Queue | Villager (Male) |
| 16:02 | Build | Farm |
| 16:04 | Queue | Villager (Male) |
| 16:13 | Queue | Villager (Male) |
| 16:13 | Queue | Villager (Male) |
| 16:14 | Queue | Villager (Male) |
| 16:20 | Build | Farm |
| 16:23 | Queue | Villager (Male) |
| 16:23 | Queue | Villager (Male) |
| 16:23 | Queue | Villager (Male) |
| 16:23 | Queue | Villager (Male) |
| 16:24 | Queue | Villager (Male) |
| 16:24 | Queue | Villager (Male) |
| 16:26 | Build | Farm |
| 16:31 | Queue | Villager (Male) |
| 16:40 | Queue | Villager (Male) |
| 16:40 | Queue | Villager (Male) |
| 16:40 | Queue | Villager (Male) |
| 16:45 | Build | House |
| 16:52 | Queue | Villager (Male) |
| 16:55 | Build | Farm |
| 16:56 | Queue | Villager (Male) |
| 16:56 | Queue | Villager (Male) |
| 17:01 | Build | Farm |
| 17:03 | Queue | Villager (Male) |
| 17:03 | Queue | Villager (Male) |
| 17:03 | Queue | Villager (Male) |
| 17:09 | Queue | Villager (Male) |
| 17:09 | Queue | Villager (Male) |
| 17:09 | Queue | Villager (Male) |
| 17:12 | Build | House |
| 17:24 | Build | Farm |
| 17:27 | Build | House |
| 17:30 | Queue | Villager (Male) |
| 17:35 | Queue | Villager (Male) |
| 17:45 | Build | Outpost |
| 17:47 | Queue | Villager (Male) |
| 17:50 | Build | Farm |
| 17:51 | Queue | Villager (Male) |
| 17:52 | Queue | Villager (Male) |
| 18:03 | Research | Heavy Plow |
| 18:03 | Research | Heavy Plow |
| 18:03 | Research | Heavy Plow |
| 18:07 | Queue | Villager (Male) |
| 18:10 | Queue | Villager (Male) |
| 18:15 | Queue | Villager (Male) |
| 18:15 | Queue | Villager (Male) |
| 18:22 | Build | Farm |
| 18:24 | Build | Farm |
| 18:25 | Build | House |
| 18:27 | Build | House |
| 18:28 | Build | House |
| 18:32 | Build | House |
| 18:33 | Queue | Villager (Male) |
| 18:40 | Build | Farm |
| 18:41 | Build | Farm |
| 18:44 | Queue | Villager (Male) |
| 18:47 | Build | House |
| 18:52 | Queue | Villager (Male) |
| 18:52 | Queue | Villager (Male) |
| 18:52 | Queue | Villager (Male) |
Match timeline
| 0:53 | Lespaul · wall_segment Palisade Wall x4 |
| 1:10 | Lespaul · wall_segment Palisade Wall x4 |
| 2:06 | Lespaul · wall_segment Palisade Wall x1 |
| 2:08 | Lespaul · wall_segment Palisade Wall x1 |
| 2:41 | Lespaul · wall_segment Palisade Wall x1 |
| 2:47 | Lespaul · wall_segment Palisade Wall x1 |
| 4:24 | AE | TurRomanticoH · wall_segment Palisade Wall x1 |
| 4:29 | AE | TurRomanticoH · wall_segment Palisade Wall x1 |
| 4:39 | AE | TurRomanticoH · wall_segment Palisade Wall x1 |
| 4:43 | AE | TurRomanticoH · wall_segment Palisade Wall x1 |
| 4:45 | AE | TurRomanticoH · wall_segment Palisade Wall x1 |
| 4:49 | AE | TurRomanticoH · wall_segment Palisade Wall x1 |
| 4:51 | AE | TurRomanticoH · wall_segment Palisade Wall x1 |
| 5:12 | AE | TurRomanticoH · wall_segment Palisade Wall x1 |
| 5:14 | AE | TurRomanticoH · wall_segment Palisade Wall x1 |
| 5:18 | AE | TurRomanticoH · wall_segment Palisade Wall x1 |
| 5:21 | AE | TurRomanticoH · wall_segment Palisade Wall x1 |
| 5:23 | AE | TurRomanticoH · wall_segment Palisade Wall x1 |
| 6:08 | AE | TurRomanticoH · wall_segment Palisade Wall x1 |
| 6:11 | AE | TurRomanticoH · wall_segment Palisade Wall x1 |
| 9:58 | Lespaul · age_up feudal |
| 10:16 | AE | TurRomanticoH · age_up feudal |
| 14:04 | Lespaul · age_up castle |
| 14:49 | AE | TurRomanticoH · age_up castle |
| 14:51 | AE | TurRomanticoH · first_building Monastery |
| 17:06 | Lespaul · first_market_buy 100 food |
| 20:36 | AE | TurRomanticoH · first_building Siege Workshop |
| 21:20 | AE | TurRomanticoH · first_building Barracks |
| 21:33 | Lespaul · first_building Siege Workshop |
| 23:27 | AE | TurRomanticoH · first_market_buy 100 food |
| 23:34 | Lespaul · first_building Castle |
| 25:53 | Lespaul · first_building Barracks |
| 25:54 | AE | TurRomanticoH · first_market_sell 500 wood |
| 27:09 | Lespaul · first_building Stable |
| 29:44 | AE | TurRomanticoH · age_up imperial |
| 29:51 | AE | TurRomanticoH · first_building Castle |
| 30:11 | Lespaul · first_building Monastery |
| 30:57 | Lespaul · first_building Archery Range |
| 32:02 | Lespaul · age_up imperial |
| 41:31 | AE | TurRomanticoH · first_building Archery Range |
| 41:51 | Lespaul · first_market_sell 500 food |
| 48:27 | AE | TurRomanticoH · resign |
[ AI ANALYSIS · 1 CREDIT ]
What really happened in this match?
Wolo.gg analyzes every decision: build order, eco, micro, common mistakes by bracket. Personalized analysis on WhatsApp or Discord in 30 seconds.
Civ guide
Bengalis
Perfil
Jugador #3548374